Cogmind - Beta 14 @@@ ROGUE MODE // 2024.11.16 @ 06:54:51 Player: Arzon Result: Destroyed by G-47 Trooper with Particle Gun Performance ------------- Evolutions (2) 1000 Regions Visited (5) 1000 Robots Destroyed (61) 305 Value Destroyed (1389) 1389 Prototype IDs (29) 580 Alien Tech Used (0) 0 Bonus (-19) -19 TOTAL SCORE: 4255 Bonus ------- High Alert Combat Kills 9 Aligned with FarCom 300 Friendly Fire -328 Cogmind --------- Core Integrity 0/550 Matter 300/300 Energy 100/100 System Corruption 0% Temperature Cool (9) Movement Core (50) Location -8/Materials Parts ------- > --- POWER (2) -------- (None) > --- PROPULSION (3) --- (None) > --- UTILITY (4) ------ Weight Redist. System Melee Analysis Suite System Shield > --- WEAPON (2) ------- Spear > --- INVENTORY (5) ---- Weight Redist. System Melee Analysis Suite Recalibrator Peak State ------------ > --- POWER ------------ Heavy Ion Engine Light Nuclear Core > --- PROPULSION ------- Improved VTOL Module Improved VTOL Module > --- UTILITY ---------- Weight Redist. System Improved Signal Interpreter Melee Analysis Suite System Shield > --- WEAPON ----------- Spear Spear > --- INVENTORY -------- Weight Redist. System Melee Analysis Suite Melee Analysis Suite Recalibrator [Rating: 34] Favorites ----------- Power Light Nuclear Core Engine Light Ion Engine Power Core Light Nuclear Core Propulsion Flight Unit Wheel Wheel Hover Unit Hover Unit Flight Unit Flight Unit Utility Signal Interpreter Device Weight Redist. System Storage Small Matter Pod Processor Signal Interpreter Hackware System Shield Weapon Spear Energy Gun Small Laser Ballistic Gun Assault Rifle Impact Weapon Maul Slashing Weapon Longsword +1 Piercing Weapon Spear Special Melee Weapon Datajack Build | -11 -10 -10 -10 -9 -8 ------- Run | Yrd Mat Min Exi Min Mat Slots Evolved 4 | . . . . . 4 Power 1 | . . . . . 1 Propulsion 1 | . . . . . 1 Utility 2 | . . . . . 2 Weapon . | . . . . . . Parts Attached 72 | 5 31 . 1 8 27 Power 17 | 1 3 . . 3 10 Engine 8 | 1 1 . . 3 3 Core 9 | . 2 . . . 7 Reactor . | . . . . . . Propulsion 23 | 2 13 . . 3 5 Treads . | . . . . . . Leg . | . . . . . . Wheel 4 | 2 2 . . . . Hover 6 | . 4 . . . 2 Flight 13 | . 7 . . 3 3 Utility 16 | . 7 . . 2 7 Device 7 | . 3 . . 1 3 Storage 2 | . 2 . . . . Processor 6 | . 2 . . 1 3 Hackware 1 | . . . . . 1 Protection . | . . . . . . Artifact . | . . . . . . Weapon 16 | 2 8 . 1 . 5 Energy Gun 3 | 1 2 . . . . Energy Cannon . | . . . . . . Ballistic Gun 4 | 1 3 . . . . Ballistic Cannon . | . . . . . . Launcher . | . . . . . . Special Weapon . | . . . . . . Impact Weapon 3 | . 3 . . . . Slashing Weapon 1 | . . . 1 . . Piercing Weapon 2 | . . . . . 2 Special Melee Weapon 3 | . . . . . 3 Unidentified Prototypes 2 | . . . . . 2 Parts Lost 21 | . 2 1 . 3 15 Power 6 | . 1 . . 1 4 Propulsion 7 | . . 1 . . 6 Utility 4 | . . . . 2 2 Weapon 4 | . 1 . . . 3 Highest Loss Streak 6 | . 2 1 . 1 6 To Critical Strikes . | . . . . . . Average Slot Usage (%) 78 | . 91 81 71 71 74 Engine 4 | . 4 . . 8 4 Core 7 | . 8 14 14 3 4 Hover 3 | . 8 . . . 2 Flight 17 | . 16 24 14 24 15 Device 7 | . 3 14 14 3 7 Storage 1 | . 5 . . . . Processor 16 | . 14 14 14 18 17 Hackware 3 | . . . . . 8 Energy Gun 1 | . 3 . . . . Ballistic Gun 2 | . 10 . . . . Impact Weapon 5 | . 10 14 11 . . Slashing Weapon 3 | . . . 3 14 3 Piercing Weapon 3 | . . . . . 8 Peak Build Rating 34 | 5 11 11 18 16 34 Average Rating 14 | 4 8 10 11 14 24 On Entrance 9 | . 5 10 10 16 13 Naked Turns . | . . . . . . Heaviest Build 12 | 6 11 8 8 8 12 Greatest Support 20 | 20 20 14 10 10 20 Greatest Overweight (x) 2 | . . . . . 2 Average Overweight (x) . | . . . . . . Largest Inventory Capacity 8 | 5 8 5 5 5 5 Average Capacity 5 | 5 5 5 5 5 5 Most Carried 5 | 5 5 5 5 5 5 Average Carried 4 | 4 4 4 4 4 4 Final Capacity 5 | 5 5 5 5 5 5 Final Carried 5 | 5 5 4 5 4 3 Class Distribution -------------------- 44% | Mutant 42% | Scavenger-Mutant 12% | Gladiator Dominant Class ---------------- Scavenger-Mutant | -10/Materials Scavenger-Mutant | -10/Mines Mutant | -10/Exiles Scavenger-Mutant | -9/Mines Gladiator | -8/Materials Resources | -11 -10 -10 -10 -9 -8 ----------- Run | Yrd Mat Min Exi Min Mat Matter Collected 1115 | 313 452 . . 85 265 Remotely . | . . . . . . Salvage Created 2316 | 46 527 140 . 413 1190 Parts 133 | 3 37 2 . 26 65 Haulers Intercepted 8 | . 2 . . . 6 Recyclers Shooed . | . . . . . . Parts Field Recycled . | . . . . . . Retrieved Matter . | . . . . . . Parts Self-Destructed . | . . . . . . Prevented . | . . . . . . Kills | -11 -10 -10 -10 -9 -8 ------- Run | Yrd Mat Min Exi Min Mat Combat Hostiles Destroyed 36 | 1 10 2 . 11 12 Melee 26 | . 1 2 . 11 12 Guns 9 | 1 8 . . . . Classes Destroyed 14 | 2 5 1 . 3 3 Worker 1 | 1 . . . . . Builder 1 | . . . . 1 . Tunneler 2 | . . . . 1 1 Hauler 8 | . 2 . . . 6 Recycler 2 | . 1 . . . 1 Mechanic 1 | . . . . . 1 Operator 3 | . 3 . . . . Watcher 7 | . 3 . . . 4 Swarmer 9 | . 5 . . 4 . Grunt 19 | 1 5 . . 6 7 Brawler 1 | . . . . . 1 Duelist 1 | . . . . 1 . Sentry 4 | . . . . . 4 Assembled 2 | . . 2 . . . Thug 2 | . . 2 . . . Best Kill Streak 6 | 1 3 2 . 4 6 Combat Bots Only 4 | 1 3 2 . 4 4 Max Kills in Single Turn 2 | 1 2 1 . 1 1 Gunslinging 1 | . 1 . . . . Exploded . | . . . . . . Melee 1 | . 1 1 . 1 1 Uniques/NPCs Destroyed . | . . . . . . Combat | -11 -10 -10 -10 -9 -8 -------- Run | Yrd Mat Min Exi Min Mat Hostile Shots Fired 187 | 5 65 7 . 29 81 Missed 70 | . 31 2 . 12 25 Damage Taken 1844 | 55 335 89 . 183 1182 Core 744 | 12 56 60 . 63 553 Absorbed by Shields . | . . . . . . Core Remaining (%) 59 | 95 . . . 23 . Volleys Fired 45 | 5 40 . . . . Largest 2 | 2 2 . . . . Hottest 80 | 60 80 . . . . Shots Fired 90 | 10 80 . . . . Gun 90 | 10 80 . . . . Cannon . | . . . . . . Launcher . | . . . . . . Special . | . . . . . . Kinetic 64 | 5 59 . . . . Thermal 26 | 5 21 . . . . Explosive . | . . . . . . Electromagnetic . | . . . . . . Robot Hit Streak 11 | 3 11 . . . . Robot Miss Streak 5 | 1 5 . . . . Penetration Max . | . . . . . . Secondary Targets 2 | . 2 . . . . Max Gunslinging Chain 1 | . 1 . . . . Shots Hit Robots 151 | 6 49 6 . 27 63 Core Hits 59 | 3 23 2 . 9 22 Critical Kills 4 | . 3 1 . . . Critical Parts Destroyed 2 | . 1 1 . . . Critical Strikes 15 | . 4 2 . 4 5 Destroy 1 | . 1 . . . . Smash 5 | . 3 2 . . . Sever 7 | . . . . 4 3 Impale 2 | . . . . . 2 Melee Attacks 132 | . 8 7 . 31 86 Impact 15 | . 8 7 . . . Slashing 60 | . . . . 31 29 Piercing 55 | . . . . . 55 Sneak Attacks 19 | . 4 2 . 3 10 Combat Hostiles . | . . . . . . Follow-up Attacks . | . . . . . . Damage Inflicted 5721 | 74 1007 333 . 1421 2886 Guns 572 | 74 498 . . . . Cannons . | . . . . . . Explosions . | . . . . . . Melee 5149 | . 509 333 . 1421 2886 Ramming . | . . . . . . Kinetic 400 | 63 337 . . . . Thermal 172 | 11 161 . . . . Explosive . | . . . . . . Electromagnetic . | . . . . . . Impact 842 | . 509 333 . . . Slashing 3082 | . . . . 1421 1661 Piercing 1225 | . . . . . 1225 Highest Corruption . | . . . . . . Average Corruption . | . . . . . . Corruption Purged . | . . . . . . Corruption Blocked . | . . . . . . Overload Shots . | . . . . . . Overflow Damage 751 | . 149 118 . 234 250 Projectiles . | . . . . . . Explosions . | . . . . . . Melee 751 | . 149 118 . 234 250 Knockbacks 2 | . 1 1 . . . Impact 2 | . 1 1 . . . Kinetic . | . . . . . . Secondary . | . . . . . . Self-Inflicted Damage . | . . . . . . Shots . | . . . . . . Rammed . | . . . . . . Targets Rammed . | . . . . . . Kicked . | . . . . . . Crushed . | . . . . . . Highest Temperature 461 | 30 58 . . . 461 Average Temperature 64 | 19 21 . . . 216 Received Heat Transfer 603 | 30 114 . . 36 423 Siege Activations . | . . . . . . Robots Corrupted 4 | . 2 2 . . . Combat Hostiles 1 | . 1 . . . . Parts Fried 8 | . 5 3 . . . Impact Corruptions 10 | . 6 4 . . . Robots Melted . | . . . . . . Combat Hostiles . | . . . . . . Parts Melted . | . . . . . . Heat Transferred 400 | 25 375 . . . . Parts Sabotaged . | . . . . . . Parts Stolen . | . . . . . . Parts Stripped . | . . . . . . Power Chain Reactions . | . . . . . . Alert | -11 -10 -10 -10 -9 -8 ------- Run | Yrd Mat Min Exi Min Mat Peak Influence 401 | 25 294 90 . 255 401 Initial 99 | . 16 75 . . 99 Average 173 | 18 193 78 . 118 258 Maximum Alert Level 2 | . 1 . . 1 2 Low Security (%) 57 | 100 59 100 . 77 22 Level 1 42 | . 40 . . 22 74 Level 2 . | . . . . . 2 Level 3 . | . . . . . . Level 4 . | . . . . . . Level 5 . | . . . . . . High Security . | . . . . . . Max Security . | . . . . . . Squads Dispatched 5 | . 3 . . . 2 Investigation 1 | . 1 . . . . Extermination . | . . . . . . Reinforcement 4 | . 2 . . . 2 Assault . | . . . . . . Garrison . | . . . . . . Intercept . | . . . . . . Searches Triggered . | . . . . . . Construction Impeded . | . . . . . . Haulers Reinforced . | . . . . . . Active Scanning Responses . | . . . . . . Cargo Convoy Interrupts . | . . . . . . Stealth | -11 -10 -10 -10 -9 -8 --------- Run | Yrd Mat Min Exi Min Mat Distress Signals . | . . . . . . Communications Jammed . | . . . . . . Distress Signals . | . . . . . . Times Spotted 74 | 1 20 14 . 12 27 Peak Tracking Total 18 | 1 4 18 . 4 4 Tactical Retreats 4 | . 1 . . 1 2 Traps | -11 -10 -10 -10 -9 -8 ------- Run | Yrd Mat Min Exi Min Mat Traps Triggered 1 | . 1 . . . . Indirectly . | . . . . . . Trap Hack Attempts . | . . . . . . Triggered . | . . . . . . Disarmed 6 | . . . . . 6 Reprogrammed . | . . . . . . Reused . | . . . . . . Traps Extracted . | . . . . . . Installed . | . . . . . . Triggered . | . . . . . . Most Traps Carried 2 | . . . . 2 1 Machines | -11 -10 -10 -10 -9 -8 ---------- Run | Yrd Mat Min Exi Min Mat Machines Disabled . | . . . . . . Max in Single Turn . | . . . . . . Machines Repaired . | . . . . . . Machines Dismantled . | . . . . . . Machines Sabotaged . | . . . . . . Overloaded Fab Kills . | . . . . . . Hacking | -11 -10 -10 -10 -9 -8 --------- Run | Yrd Mat Min Exi Min Mat Machines Accessed 20 | . 7 1 5 . 7 Terminals 11 | . 6 . . . 5 Fabricators . | . . . . . . Repair Stations . | . . . . . . Recycling Units 2 | . 1 . . . 1 Scanalyzers 1 | . . . . . 1 Garrison Access . | . . . . . . Total Hacks 95 | . 17 1 50 . 27 Successful 75 | . 7 1 50 . 17 Failed 20 | . 10 . . . 10 Catastrophic 1 | . 1 . . . . Database Lockouts . | . . . . . . Manual 1 | . . . 1 . . Terminals 32 | . 14 . . . 18 Fabricators . | . . . . . . Repair Stations . | . . . . . . Recycling Units 4 | . 3 . . . 1 Scanalyzers 8 | . . . . . 8 Garrison Access . | . . . . . . Terminal Hacks 66 | . 6 1 50 . 9 Record 50 | . 1 . 49 . . Prototype ID Bank 1 | . 1 . . . . Open Door 1 | . . 1 . . . Emergency Access Points 2 | . . . . . 2 Repair Station Index 1 | . . . . . 1 Alert Level 1 | . 1 . . . . Locate Traps 3 | . 1 . . . 2 Disarm Traps 1 | . . . . . 1 Transport Status 2 | . 1 . . . 1 Hauler Manifests 2 | . 1 . . . 1 Registered Components 1 | . . . . . 1 Derelict Proto ID Bank 1 | . . . 1 . . Fabricator Hacks . | . . . . . . Repair Station Hacks . | . . . . . . Recycling Unit Hacks 2 | . 1 . . . 1 Report Inventory 2 | . 1 . . . 1 Scanalyzer 7 | . . . . . 7 Insert Component 3 | . . . . . 3 Analyze 4 | . . . . . 4 Garrison Access Hacks . | . . . . . . Unauthorized Hacks . | . . . . . . Terminals . | . . . . . . Fabricators . | . . . . . . Repair Stations . | . . . . . . Recycling Units . | . . . . . . Scanalyzers . | . . . . . . Garrison Access . | . . . . . . Data Cores Recovered 1 | . 1 . . . . Used 1 | . 1 . . . . Hacking Detections 11 | . 6 . . . 5 Full Trace Events 1 | . 1 . . . . Feedback Events . | . . . . . . Feedback Blocked . | . . . . . . Robot Schematics Acquired . | . . . . . . Robots Built . | . . . . . . Authchips . | . . . . . . Time . | . . . . . . Total Robot Build Rating . | . . . . . . Part Schematics Acquired 2 | . . . . . 2 Parts Built . | . . . . . . Authchips . | . . . . . . Time . | . . . . . . Total Part Build Rating . | . . . . . . Parts Repaired . | . . . . . . Time . | . . . . . . Parts Recycled . | . . . . . . Recycled Matter . | . . . . . . Retrieved Matter . | . . . . . . Retrieved Components . | . . . . . . Parts Scanalyzed 2 | . . . . . 2 Part Schematics Acquired 2 | . . . . . 2 Parts Damaged . | . . . . . . Bothacking | -11 -10 -10 -10 -9 -8 ------------ Run | Yrd Mat Min Exi Min Mat Used RIF Installer . | . . . . . . Robots Hacked 1 | . . . . . 1 Non-combat . | . . . . . . Combat 1 | . . . . . 1 Robot Hacks Applied 1 | . . . . . 1 parse_system 1 | . . . . . 1 Relay Couplers Released . | . . . . . . Fabnet Peak Effective % . | . . . . . . Robots Rewired . | . . . . . . Allies Hacked . | . . . . . . Hacks Repelled . | . . . . . . Allies | -11 -10 -10 -10 -9 -8 -------- Run | Yrd Mat Min Exi Min Mat Total Allies . | . . . . . . Largest Group . | . . . . . . Highest-Rated Group . | . . . . . . Highest-Rated Ally . | . . . . . . Total Orders . | . . . . . . Ally Attacks . | . . . . . . Total Damage . | . . . . . . Kills . | . . . . . . Allies Corrupted . | . . . . . . Allies Melted . | . . . . . . Intel | -11 -10 -10 -10 -9 -8 ------- Run | Yrd Mat Min Exi Min Mat Robot Analysis Total . | . . . . . . Derelict Logs Recovered 4 | . . 1 . 3 . Drone Launches . | . . . . . . Drone Recoveries . | . . . . . . Exploration | -11 -10 -10 -10 -9 -8 ------------- Run | Yrd Mat Min Exi Min Mat Turns Passed 2655 | 329 626 175 279 354 892 Spaces Moved 4343 | 158 896 389 682 662 1556 Core 98 | 17 . . . . 81 Treads . | . . . . . . Legs . | . . . . . . Wheels 182 | 141 41 . . . . Hover 351 | . 247 . . . 104 Flight 3712 | . 608 389 682 662 1371 Fastest Speed 34 | 50 37 37 40 37 34 Average Speed 40 | 76 44 37 40 37 37 Slowest Speed 150 | 80 80 40 40 40 150 Overloaded Moves . | . . . . . . Propulsion Burnouts . | . . . . . . Robots Hopped 7 | . 4 . . 1 2 Cave-ins Triggered . | . . . . . . Exploration Rate (%) 72 | 9 98 64 94 96 74 Regions Visited 5 Branch Regions 3 Pre-discovered Areas 3 | . . 1 1 1 . Known Exits Taken 4 | . 1 1 1 1 . Unknown Exits Taken 1 | 1 . . . . . Scrap Searched 3 | . . 1 . 2 . Spaces Dug . | . . . . . . Terrain Destroyed . | . . . . . . Melee . | . . . . . . Projectile . | . . . . . . AOE . | . . . . . . Terrain Rammed . | . . . . . . Walls Destroyed . | . . . . . . Machines Disabled . | . . . . . . Actions | -11 -10 -10 -10 -9 -8 --------- Run | Yrd Mat Min Exi Min Mat Total 4967 | 355 1027 403 688 736 1758 Wait 254 | 178 6 5 4 20 41 Move 4324 | 157 887 388 681 659 1552 Hop 7 | . 4 . . 1 2 Pick Up 80 | 10 27 1 1 9 32 Fast Attach . | . . . . . . Attach 38 | 5 8 . 1 6 18 Detach 6 | . 1 . 1 1 3 Swap 34 | . 23 . . 2 9 Drop 49 | . 23 2 . 7 17 Fire 45 | 5 40 . . . . Melee 130 | . 8 7 . 31 84 Ram . | . . . . . . Kick . | . . . . . . Crush . | . . . . . . Escape Stasis . | . . . . . . Rewire . | . . . . . . Trap . | . . . . . . Miscellaneous . | . . . . . . Route ------- -11/Scrapyard -10/Materials (discovered 5 exits: *Mat x3 / *Min x2) -10/Mines (discovered 2 exits: *Mat / *Exi) -10/Exiles (discovered 2 exits: *Min x2) -9/Mines (discovered 2 exits: *Mat x2) -8/Materials (discovered 3 exits: *Fac x3) History --------- Turn | Location | Event 2 | -11/Scrapyard | Met Revision 17 89 | -11/Scrapyard | Discovered new exit (range 8) 330 | -11/Scrapyard | Entered Materials 331 | -10/Materials | Build established: Mutant 450 | -10/Materials | Discovered new exit (range 14) 545 | -10/Materials | Identified exit to Materials 650 | -10/Materials | Discovered exit to Materials (range 16) 723 | -10/Materials | Discovered new exit (range 12) 730 | -10/Materials | Identified exit to Mines 736 | -10/Materials | Discovered exit to Mines (range 10) 787 | -10/Materials | Build established: Scavenger-Mutant 860 | -10/Materials | Discovered exit to Materials (range 15) 956 | -10/Materials | Entered Mines 963 | -10/Mines | Discovered exit to Materials (range 15) 964 | -10/Mines | Met a Derelict bent on vengeance 970 | -10/Mines | Found the Drone Emporium 972 | -10/Mines | Found Prototype Device 1054 | -10/Mines | Assembled infested the area 1082 | -10/Mines | Core integrity fell below 50% 1088 | -10/Mines | Met 8R-AWN 1129 | -10/Mines | Discovered new exit (range 5) 1131 | -10/Mines | Identified exit to Exiles 1131 | -10/Mines | Entered Exiles 1137 | -10/Exiles | Discovered new exit (range 15) 1143 | -10/Exiles | Identified exit to Mines 1152 | -10/Exiles | Welcomed by 8R-AWN 1159 | -10/Exiles | Met EX-HEX 1184 | -10/Exiles | Met EX-DEC 1192 | -10/Exiles | Visited The Gauntlet 1250 | -10/Exiles | Learned location of Zion (-7) 1275 | -10/Exiles | Discovered exit to Mines (range 10) 1300 | -10/Exiles | Met EX-BIN 1337 | -10/Exiles | Aligned with FarCom system 1337 | -10/Exiles | Given EX-Vault access code 1347 | -10/Exiles | Opened EX-Vault 1353 | -10/Exiles | Found Longsword +1 1364 | -10/Exiles | Warned to stay clear of 0b10 Research branches 1378 | -10/Exiles | Build established: Mutant 1410 | -10/Exiles | Left Exiles lab with Longsword +1 1410 | -10/Exiles | Entered Mines 1431 | -9/Mines | Learned location of Storage (-9) 1431 | -9/Mines | Learned 2 Materials zone layouts 1449 | -9/Mines | Discovered new exit (range 9) 1453 | -9/Mines | Identified exit to Materials 1539 | -9/Mines | A weapon hastily lodged in a ceiling crevice suddenly fell to the ground 1560 | -9/Mines | Found a hidden stash of uninstalled traps 1723 | -9/Mines | Discovered exit to Materials (range 5) 1764 | -9/Mines | Entered Materials 1764 | -8/Materials | Evolved 4 slots: Power x1, Propulsion x1, Utility x2 1765 | -8/Materials | Identified exit to Factory 1886 | -8/Materials | Build established: Scavenger-Mutant 1890 | -8/Materials | Identified Sensor Drone Bay 1953 | -8/Materials | Discovered exit to Factory (range 17) 2186 | -8/Materials | Lost 6 parts (1p3n1u1w) 2483 | -8/Materials | Build established: Gladiator 2544 | -8/Materials | Lost 3 parts (1p1n1w) 2608 | -8/Materials | Core integrity fell below 50% 2649 | -8/Materials | Core integrity fell below 20% 2656 | -8/Materials | Destroyed by G-47 Trooper with Particle Gun Last Messages --------------- Acquired 24 matter. Acquired 6 matter. G-47 Trooper suffers critical hit (Impale). Destroyed Imp. Heat Sink. G-47 Trooper destroyed. Acquired Lgt. Nuclear Core. Acquired 7 matter. Acquired 13 matter. Lgt. Nuclear Core destroyed. Destroyed Lgt. Nuclear Core. Lgt. Nuclear Core destroyed. G-47 Trooper destroyed. H-61 Shepherd calls for reinforcements. ALERT: Hostile activity reported, dispatching reinforcements to area. Imp. Hover Unit destroyed. Knocked back. Imp. Signal Interpreter destroyed. Knocked back. U-05 Engineer builds a Wall. Map ----- +----------------------------------------------------+ | ??# + %+= = ### =+%""""" # | | #?########### =# """ +%% #!""""" # | | #???????????# # """ !###= # """"" # | | #???????????# ## """ !#?# # """"" # | | #???????????# ## #?# # """"" # | | #???????????# ## = #?# # # | | #???????????# #########?# ######### | | #???????????# #????????## ## # | | #???????????# #????????# #= ""# | | #???????????# #????????# % # ""# | | #???????????# #????????# + T"# | | #???????????# #????????# # ""# | | ????????????# ########### ## ""# | | ????????????# # ] """ # ## # | | ????????????# # ! """ + ## # | | ????????##### # """ # ## """ # | | ?######## # [ # ## """ # | | ?# "" !# # ## """ # | | ?# T # "T" # ## """ # | | ?# / # """ ; ## ? # | | ## #### #?#########u #####??## | | // #??## ##?????#?### ###?????? | | // #???# ########;#% #?????? | | #???# #?????? | | #???# % #g""" ? | | "" #???# @ gg""" ? | | """ #???# H # # | | """ #???# ########## = #/ # | | """ #???# #????????########? # | | "" #???# #?????????????????? " # | | #???# #???????????????????" # | | #???# #???????????????????? ? | | #???? #?????????????????????? | | #???? #?????????????????????? | | ######???? #?????????????????????? | | #????????? ?????????????????????? | | #????????? ?????????